 Dungeon Crawl Stone Soup version 0.20.1-1-g8b1a95d (webtiles) character file.

704 n0claF the Twirler (level 7, -3/61 HPs)
             Began as a Minotaur Gladiator on Oct 31, 2017.
             Slain by an ogre
             ... wielding a +0 giant club
              (22 damage)
             ... on level 4 of the Dungeon.
             The game lasted 00:08:46 (3546 turns).

n0claF the Twirler (Minotaur Gladiator)             Turns: 3546, Time: 00:08:46

Health: -3/61      AC: 10    Str: 19    XL:     7   Next: 39%
Magic:  6/6        EV: 13    Int:  5    God:
Gold:   163        SH:  0    Dex: 13    Spells: 6/6 levels left

rFire    . . .     SeeInvis .   a - +0 quarterstaff
rCold    . . .     Gourm    .   (shield currently unavailable)
rNeg     . . .     Faith    .   k - +3 ring mail
rPois    +         Spirit   .   c - +0 hat
rElec    .         Reflect  .   (no cloak)
rCorr    +         Harm     .   j - +0 pair of gloves (curse)
MR       .....                  (no boots)
Stlth    +.........             (no amulet)
Regen    0.2/turn               s - ring of resist corrosion
MPRegen  0.1/turn               u - ring of poison resistance

@: no status effects
A: retaliatory headbutt, horns 2
a: no special abilities


You were on level 4 of the Dungeon.
You were near starving.

You visited 2 branches of the dungeon, and saw 5 of its levels.

You collected 163 gold pieces.

Inventory:

Hand Weapons
 a - a +0 quarterstaff (weapon)
Missiles
 d - 3 throwing nets (quivered)
Armour
 c - a +0 hat (worn)
 j - a cursed +0 pair of gloves (worn)
 k - a +3 ring mail (worn)
Jewellery
 s - a ring of resist corrosion (left hand)
 u - a ring of poison resistance (right hand)
Scrolls
 e - 3 scrolls of amnesia {unknown}
 h - a scroll of fog {unknown}
 i - 2 scrolls of blinking {unknown}
 l - 3 scrolls of identify {unknown}
 o - a scroll of enchant weapon {unknown}
 q - 3 scrolls of remove curse {unknown}
 t - a scroll of teleportation {unknown}
Potions
 b - 2 potions of might {unknown}
 p - 3 potions of heal wounds {unknown}
 r - a potion of agility {unknown}
 w - a potion of lignification {unknown}
Books
 v - a book of Flames

   Spells                             Type                      Level
   a - Flame Tongue                   Conjuration/Fire             1
   b - Throw Flame                    Conjuration/Fire             2
   c - Conjure Flame                  Conjuration/Fire             3
   d - Inner Flame                    Hexes/Fire                   3
   e - Sticky Flame                   Conjuration/Fire             4
   f - Fireball                       Conjuration/Fire             5
Comestibles
 f - 2 bread rations
 g - a fruit
 m - 2 royal jellies
 n - 3 meat rations


   Skills:
 + Level 5.5 Fighting
 + Level 6.1 Staves
 - Level 2.0 Throwing
 + Level 4.3 Armour
 + Level 5.5 Dodging


You had 6 spell levels left.
You didn't know any spells.

Dungeon Overview and Level Annotations

Branches:
Dungeon (4/15)             Temple (1/1) D:4

Altars:
Ashenzari
Cheibriados
Elyvilon
Fedhas
Gozag
Hepliaklqana
Makhleb
Nemelex Xobeh
Sif Muna
Zin
The Shining One


Innate Abilities, Weirdness & Mutations

You reflexively headbutt those who attack you in melee.
You have a pair of horns on your head.


Message History

You are too injured to fight recklessly!
You are too injured to fight recklessly!
You are too injured to fight recklessly!
You barely miss the ogre.
The ogre is lightly wounded.
The ogre barely misses you. You furiously retaliate!
You headbutt the ogre! You barely miss the ogre.
You headbutt the ogre, but do no damage.
The ogre is heavily wounded.
You hit the ogre.
The ogre is heavily wounded.
You are near starving!
The ogre hits you with a giant club.
You sock the ogre!
The ogre is almost dead.
The ogre closely misses you.
You hit the ogre but do no damage.
The ogre is almost dead.
The ogre hits you with a giant club!!
You die...

#.........#.....#######...
#.........#...........
..........#..........#
.....................#
.....................#
#....................#
#......8>8...........#
#....................#
..........##.$..@....#
##...............O...#
........................
.............######.....
..#'#+#...#### .....
#.#'#.#...##### ....
......#.......# ...
......#........ ...
...............


You could see an ogre.

Vanquished Creatures
  The ghost of manon the Slasher, an amateur MiFi (D:3)
  A phantom (D:4)
  An ogre (D:4)
  A howler monkey (D:4)
  A hound (D:4)
  An orc priest (D:3)
  Natasha (thrice) (D:3)
  A worker ant (D:4)
  12 adders
  5 worms
  A dart slug (D:3)
  A leopard gecko (D:2)
  7 orcs (D:3)
  5 bats
  3 giant cockroaches
  4 goblins (D:3)
  10 hobgoblins
  5 jackals
  3 quokkas (D:3)
  2 ball pythons
  5 frilled lizards
  A kobold (D:2)
  8 rats
82 creatures vanquished.

Notes
Turn   | Place    | Note
-------+----------+-------------------------------------------
     0 | D:1      | n0claF the Minotaur Gladiator began the quest for the Orb.
     0 | D:1      | Reached XP level 1. HP: 18/18 MP: 0/0
   731 | D:2      | Reached XP level 2. HP: 25/25 MP: 1/1
   830 | D:2      | Reached skill level 1 in Armour
   999 | D:2      | Reached XP level 3. HP: 31/31 MP: 2/2
  1009 | D:2      | Reached skill level 4 in Staves
  1084 | D:2      | Found a shattered altar of Ashenzari.
  1273 | D:2      | Reached XP level 4. HP: 32/38 MP: 3/3
  1641 | D:3      | Found a sparkling altar of Nemelex Xobeh.
  1700 | D:3      | Noticed manon's ghost (amateur MiFi)
  1719 | D:3      | Killed manon's ghost
  1719 | D:3      | Reached skill level 5 in Staves
  1719 | D:3      | Reached XP level 5. HP: 5/47 MP: 4/4
  2015 | D:3      | Reached XP level 6. HP: 53/53 MP: 5/5
  2065 | D:3      | Noticed Natasha
  2069 | D:3      | Killed Natasha
  2112 | D:3      | Noticed Natasha
  2118 | D:3      | Killed Natasha
  2169 | D:3      | Noticed Natasha
  2176 | D:3      | Killed Natasha
  2666 | D:3      | Reached skill level 5 in Fighting
  2666 | D:3      | Reached skill level 5 in Dodging
  2824 | D:4      | HP: 1/56 [phantom (7)]
  2836 | D:4      | Reached XP level 7. HP: 4/61 MP: 6/6
  2956 | D:4      | Reached skill level 6 in Staves
  3288 | D:4      | Found a staircase to the Ecumenical Temple.
  3297 | Temple   | Entered the Ecumenical Temple
  3546 | D:4      | Slain by an ogre

Skill      XL: |  1  2  3  4  5  6  7 |
---------------+----------------------+-----
Armour         | 1 2 3 4 |  4.3
Fighting       | 3 4 5 |  5.5
Staves         | 4 5 6 |  6.1
Dodging        | 4 5 |  5.5
Throwing       | |  2.0

Action                   |  1- 3 |  4- 6 |  7- 9 || total
-------------------------+-------+-------+-------++-------
Melee: Quarterstaff      |    70 |    99 |    41 ||   210
       Headbutt          |     7 |    20 |     7 ||    34
  Eat: Chunk             |     1 |     4 |     2 ||     7
Armor: Scale mail        |     5 |       |       ||     5
       Ring mail         |    21 |    30 |    12 ||    63
       Leather armour    |     1 |       |       ||     1
Dodge: Dodged            |    37 |    47 |    19 ||   103
